 Dungeon Crawl Stone Soup version 0.29.1-1-gd02db6906a (webtiles) character file.

Game seed: 13123462185373170400

31850 croobank the Spry (level 13, -2/65 HPs)
             Began as a Felid Summoner on Oct 22, 2022.
             Was an Initiate of Gozag.
             Slain by an alligator (5 damage)
             ... called by a spriggan druid
             ... on level 4 of the Swamp on Oct 23, 2022.
             The game lasted 02:57:14 (32033 turns).

croobank the Spry (Felid Summoner)                 Turns: 32033, Time: 02:57:14

Health: -2/65      AC:  3    Str:  4    XL:     13   Next: 28%
Magic:  3/28       EV: 31    Int: 33    God:    Gozag
Gold:   4208       SH:  0    Dex: 20    Spells: 2/33 levels left
                                        Lives:  0   Deaths: 4

rFire   + . .      SeeInvis +     - Unarmed
rCold   + . .      Faith    .   (shield unavailable)
rNeg    . . .      Spirit   .   (body armour unavailable)
rPois   .          Reflect  .   (helmet unavailable)
rElec   +          Harm     .   (cloak unavailable)
rCorr   .          Rampage  .   (gloves unavailable)
Will    +....      Clarity  +   (boots unavailable)
Stlth   ++........              e - amulet "Hax Fobi" {Acrobat Int+2 Dex+3}
HPRegen 0.20/turn               u - ring "Xacia" {rElec rF+ Int+4 Stlth+}
MPRegen 0.21/turn               w - +6 ring of intelligence

@: gold aura, studying Unarmed Combat, very slow
A: very small, claws 1, fangs 3, see invisible, speed 1, shaggy fur 3, stealthy
paws, no weapons or thrown items, no armour, multi-lived, clarity
a: Renounce Religion, Potion Petition, Call Merchant, Bribe Branch


You were on level 4 of the Swamp.
You worshipped Gozag.
Gozag was most pleased with you.
You visited 6 branches of the dungeon, and saw 24 of its levels.

You collected 6570 gold pieces.
You spent 1104 gold pieces at shops.
You paid 1258 gold pieces to Gozag.

Inventory:

Jewellery
 e - the amulet "Hax Fobi" (around neck) {Acrobat Int+2 Dex+3}
   (You acquired it on level 3 of the Dungeon)

   [amulet of the acrobat]

   It increases your evasion while moving and waiting.
   Int:       It affects your intelligence (+2).
   Dex:       It affects your dexterity (+3).
 u - the ring "Xacia" (left paw) {rElec rF+ Int+4 Stlth+}
   (You bought it in a shop on level 2 of the Dungeon)

   [ring of protection from fire]

   Int:       It affects your intelligence (+4).
   rF:        It protects you from fire.
   rElec:     It insulates you from electricity.
   Stlth:     It makes you more stealthy.
 w - a +6 ring of intelligence (right paw)
 y - a ring of flight
 B - an amulet of reflection
 D - a ring of ice
 E - a ring of resist corrosion
 G - a +4 ring of protection
 I - a ring of ice
 M - an amulet of the acrobat
 N - a +6 ring of strength
Wands
 h - a wand of roots (15)
 j - a wand of flame (65)
 t - a wand of digging (10)
 z - a wand of acid (17)
 J - a wand of charming (7)
Scrolls
 b - 3 scrolls of poison
 g - 4 scrolls of teleportation
 o - 5 scrolls of amnesia
 v - a scroll of fog
 x - 8 scrolls of immolation
 C - 2 scrolls of torment
 K - 2 scrolls of magic mapping
 O - a scroll of silence
Potions
 a - a potion of magic
 c - 5 potions of mutation
 d - 3 potions of attraction
 f - 3 potions of brilliance
 i - 3 potions of lignification
 k - 2 potions of flight
 l - 3 potions of curing
 m - 2 potions of haste
 n - 7 potions of berserk rage
 p - 7 potions of might
 r - 2 potions of invisibility
 F - 2 potions of ambrosia
 P - a potion of resistance
Miscellaneous
 H - a phantom mirror (inert)
 L - a lightning rod (1/4)


   Skills:
 * Level 12.4 Fighting
 * Level 15.9 Dodging
 - Level 2.7 Stealth
 + Level 11.8 Unarmed Combat
 + Level 10.5 Spellcasting
 - Level 5.0 Hexes
 * Level 12.2 Summonings
 - Level 10.0 Translocations
 - Level 5.0 Ice Magic
 - Level 7.0 Air Magic


You had 2 spell levels left.
You knew the following spells:

 Your Spells              Type           Power      Damage    Failure   Level
a - Summon Cactus Giant   Summ           39%        N/A       2%          6
c - Call Canine Familiar  Summ           78%        N/A       1%          3
d - Summon Guardian Gole  Hex/Summ       65%        N/A       1%          3
e - Summon Lightning Spi  Summ/Air       69%        N/A       1%          4
f - Summon Mana Viper     Hex/Summ       65%        N/A       2%          5
g - Summon Forest         Summ/Tloc      37%        N/A       1%          5
h - Passage of Golubria   Tloc           70%        N/A       1%          4
i - Apportation           Tloc           100%       N/A       1%          1

Your spell library contained the following spells:

 Spells                   Type           Power      Damage    Failure   Level
 Summon Small Mammal      Summ           100%       N/A       1%          1
 Call Imp                 Summ           78%        N/A       1%          2
 Poisonous Vapours        Pois/Air       80%        N/A       1%          2
 Static Discharge         Conj/Air       40%        3-8/arc   1%          2
 Sting                    Tmut/Pois      68%        1d6       2%          1
 Passwall                 Tmut/Erth      14%        N/A       4%          2
 Scorch                   Fire           34%        2d6       4%          2
 Frozen Ramparts          Ice            100%       1d16      1%          3
 Gell's Gravitas          Tloc           70%        N/A       1%          3
 Teleport Other           Tloc           70%        N/A       1%          3
 Summon Ice Beast         Ice/Summ       65%        N/A       1%          4
 Dispersal                Tloc           35%        N/A       7%          6
 Stone Arrow              Conj/Erth      34%        3d9       9%          3
 Ice Form                 Ice/Tmut       33%        N/A       10%         4
 Monstrous Menagerie      Summ           39%        N/A       16%         7
 Lightning Bolt           Conj/Air       20%        1d35      19%         5
 Flame Wave               Conj/Fire      17%        2d7       26%         4
 Olgreb's Toxic Radiance  Pois           17%        N/A       26%         4
 Alistair's Intoxication  Tmut/Pois      11%        N/A       58%         5
 Fireball                 Conj/Fire      8%         3d6       58%         5
 Iskenderun's Battlesphe  Conj           17%        2d7       58%         5
 Conjure Ball Lightning   Conj/Air       20%        3x3d6     69%         6
 Orb of Destruction       Conj           8%         9d6       100%        7
 Maxwell's Capacitive Co  Air            29%        ∞         100%        8
 Chain Lightning          Conj/Air       20%        3d26      100%        9
 Fire Storm               Conj/Fire      8%         8d2       100%        9
 Shatter                  Erth           8%         3d10*     100%        9


Dungeon Overview and Level Annotations

Branches:
Dungeon (11/15)            Temple (1/1) D:5            Lair (5/5) D:9
  Swamp (4/4) Lair:2       Spider (1/4) Lair:3        Slime (0/5) Lair:5
    Orc (2/2) D:11            Elf (0/3) Orc:2

Altars:
Ashenzari
Cheibriados
Dithmenos
Elyvilon
Fedhas
Gozag
Hepliaklqana
Kikubaaqudgha
Makhleb
Nemelex Xobeh
Okawaru
Qazlal
Ru
Sif Muna
Trog
Uskayaw
Vehumet
Wu Jian
Xom
Yredelemnul
Zin
The Shining One
Jiyva

Shops:
D:2 =   Orc:2 !*(:[   Lair:3 =

Annotations:
Spider:1 Louise


Innate Abilities, Weirdness & Mutations

You have sharp claws.
You have razor-sharp teeth.
You have supernaturally acute eyesight. (SInv)
You cover ground quickly. (Speed+)
Your thick and shaggy fur keeps you warm. (AC +3, rC+)
Your paws help you pounce on unaware monsters.
You are incapable of wielding weapons or throwing items.
You cannot wear armour.
You gain extra lives every three experience levels.
You possess an exceptional clarity of mind.


Message History

Your mana viper is hit by a branch!
A tree reaches out and hits your cactus giant!
A root smacks you from below!
A tyrant leech comes into view.
A spriggan druid comes into view. It is wielding a +0 quarterstaff.
The spriggan druid is distracted by your dazzling golden aura.
A tree reaches out and hits your cactus giant!!
A root smacks you from below!
* * * LOW HITPOINT WARNING * * *
A tyrant leech comes into view.
The tyrant leech moves out of view.
You enter the shallow water.
Moving in this stuff is going to be slow.
A root smacks your cactus giant from below!
Your mana viper is hit by a branch!
Your cactus giant disappears in a puff of smoke!
The alligator puts on a burst of speed!
Branches wave dangerously above you. The alligator barely misses you.
The alligator completely misses you. The alligator attacks as you move away!
The alligator completely misses you. The alligator barely misses you.
The alligator bites your mana viper!
The alligator tail-slaps your mana viper.
The tyrant leech bites you!
* * * LOW HITPOINT WARNING * * *
The tyrant leech draws strength from your injuries!
The spriggan druid points at you and mumbles some strange words.
The stone arrow hits your mana viper!!!
Your mana viper dies!
Your mana viper disappears in a puff of smoke!
The spriggan druid shouts!
Okay, then.
Unknown command.
As you read the scroll of fear, it crumbles to dust.
You assume a fearsome visage.
The spriggan druid looks frightened!
The forest calms down.
The tyrant leech looks frightened!
The alligator easily resists.
The spriggan druid looks frightened!
The tyrant leech looks frightened!
The alligator completely misses you. x3
The alligator tail-slaps you.
You die...
Your body crumbles into a pile of gold.

♣♣♣ ♣~♣♣ ♣~~♣♣ ♣♣♣
♣♣..~♣ ♣♣~♣♣♣♣.~~.♣
♣♣♣♣♣♣♣♣♣.i.♣♣.~~~~♣
..~.♣~.~.$$~~w~t@~♣♣
~~°~$~.~$~~~♣~~~~.♣
~~$°~<~§~~.°♣♣w~§.♣
..°.~~≈i~.~♣♣♣♣..♣♣
.§°~~♣~..~♣♣ ♣.♣♣
~☼.♣♣♣~~§~♣ ~~. ~~.
~~~~~~~♣ ~~~~ ~~
♣♣.~~~~.♣ ♣.~~♣♣ ~
♣♣♣..~~~?♣


You could see an alligator (swift), 2 tyrant leeches and a spriggan druid
(fleeing).

Vanquished Creatures
  A thorn hunter (Swamp:4)
  An alligator (Swamp:2)
  An orc knight (Orc:2)
  4 wolves
  A bullfrog (Lair:2)
  2 electric eels
  A howler monkey (D:9)
  2 orc wizards
  An orc (D:9)
  4 giant cockroaches
  A hobgoblin (D:1)
  A kobold (D:1)
  A quokka (D:1)
  A ball python (D:2)
  A bat (D:2)
  A frilled lizard (D:1)
  A rat (D:3)
25 creatures vanquished.

Vanquished Creatures (collateral kills)
  Saint Roka (Orc:2)
  2 thorn hunters
  5 eleionomae
  A bunyip (Swamp:1)
  7 hydras
  A ghost crab (Swamp:2)
  A catoblepas (D:11)
  11 alligators
  Urug (Orc:2)
  2 orc high priests
  Sonja (Lair:4)
  4 goliath frogs
  3 spriggan druids
  4 swamp dragons (Swamp:4)
  A bog body (Swamp:1)
  3 orc knights (Orc:2)
  An ugly thing (D:11)
  3 orc sorcerers (Orc:2)
  4 oklob plants (Lair:1)
  2 will-o-the-wisps (Swamp:3)
  3 cyclopes
  9 elephants
  4 black mambas
  A gargoyle (D:11)
  2 torpor snails
  8 cane toads
  Maggie (D:7)
  A rime drake (Lair:4)
  7 komodo dragons
  6 polar bears
  5 tyrant leeches
  6 hornets
  A bloated husk (Swamp:4)
  2 trolls (Orc:1)
  12 blink frogs
  4 wraiths
  Sigmund (D:5)
  12 spriggans
  3 wyverns
  14 yaks
  Grum (Lair:1)
  2 steam dragons (D:6)
  6 vampire mosquitoes
  2 acid dragons
  8 swamp worms
  Duvessa (D:6)
  13 water moccasins
  22 orc warriors
  2 ice beasts
  5 black bears
  3 swamp drakes
  3 ogres
  17 wolves
  3 boggarts (Lair:5)
  3 centaurs
  3 kobold brigands
  A phantom (D:2)
  13 bullfrogs
  8 scorpions
  A gnoll sergeant (D:8)
  A necrophage (D:5)
  A wight (D:4)
  Dowan (D:6)
  7 killer bees (D:9)
  5 howler monkeys
  2 hounds (D:5)
  14 orc priests
  4 jellies
  2 gnoll boudas
  2 iguanas
  Natasha (thrice) (D:2)
  Terence (D:2)
  18 orc wizards
  4 hell rats (Lair:5)
  21 gnolls
  12 adders
  A white imp (D:5)
  An ufetubus (D:6)
  A worm (D:5)
  3 dart slugs
  61 orcs
  5 bats
  5 endoplasms
  5 giant cockroaches
  2 goblins (D:3)
  9 hobgoblins
  21 kobolds
  A quokka (D:2)
  8 ball pythons
  2 frilled lizards
  4 rats
  A briar patch (Swamp:4)
505 creatures vanquished.

Vanquished Creatures (others)
  2 hydras
  An alligator (Swamp:2)
  A two-headed ogre (D:9)
  Pikel (D:6)
  A cane toad (Lair:4)
  A komodo dragon (Lair:2)
  2 trolls
  A bloated husk (Swamp:1)
  2 hornets (Lair:5)
  Prince Ribbit (D:5)
  2 blink frogs
  5 spriggans (Lair:5)
  17 yaks
  2 water moccasins
  An orc warrior (Orc:2)
  A black bear (D:4)
  3 wolves
  A boggart (Lair:5)
  A centaur (D:5)
  2 lemures (D:6)
  2 bullfrogs
  A gnoll sergeant (D:10)
  Blork the orc (D:4)
  5 wights (D:6)
  8 killer bees
  2 howler monkeys
  An orc priest (D:7)
  A gnoll bouda (D:5)
  2 iguanas
  An orc wizard (D:7)
  6 gnolls
  An ufetubus (D:4)
  A worm (D:4)
  4 orcs
  A goblin (D:4)
  A briar patch (Swamp:4)
  10 foxfires
  29 fungi
  82 plants
  11 snaplasher vines
218 creatures vanquished.

Grand Total: 748 creatures vanquished

Notes
Turn   | Place    | Note
-------+----------+-------------------------------------------
     0 | D:1      | croobank the Felid Summoner began the quest for the Orb.
     0 | D:1      | Reached XP level 1. HP: 7/7 MP: 4/4
   163 | D:1      | Found a faded altar of an unknown god.
   405 | D:1      | Reached skill level 3 in Dodging
   569 | D:1      | Reached XP level 2. HP: 12/12 MP: 0/6
   572 | D:1      | Learned a level 2 spell: Call Imp
  1274 | D:1      | Reached skill level 1 in Fighting
  1803 | D:2      | Noticed Terence
  1834 | D:2      | Reached XP level 3. HP: 15/15 MP: 5/7
  1838 | D:2      | Learned a level 3 spell: Call Canine Familiar
  2150 | D:2      | Found Ofuot's One-of-a-Kind Rings.
  2270 | D:2      | Noticed Natasha
  2292 | D:2      | Killed Natasha
  2293 | D:2      | Reached XP level 4. HP: 12/19 MP: 1/9
  2385 | D:2      | Noticed Natasha
  2398 | D:2      | Killed Natasha
  2674 | D:2      | You fall into a shaft and drop 1 floor!
  2679 | D:3      | Identified a scroll of acquirement
  2679 | D:3      | Acquired the amulet "Hax Fobi" {Acrobat Int+2 Dex+3}
  2889 | D:2      | Killed Terence
  2890 | D:2      | Reached skill level 4 in Dodging
  2974 | D:2      | Noticed Natasha
  2986 | D:2      | Killed Natasha
  2987 | D:2      | Reached XP level 5. HP: 13/22 MP: 3/10
  3142 | D:2      | Noticed a phantom
  3149 | D:2      | Learned a level 3 spell: Summon Guardian Golem
  3253 | D:2      | Killed a phantom
  3254 | D:2      | Reached skill level 1 in Hexes
  3776 | D:3      | Reached skill level 5 in Summonings
  3776 | D:3      | Gained mutation: You are covered in thick fur. (AC +2)
                  | [Felid growth]
  3776 | D:3      | Reached XP level 6. HP: 26/27 MP: 9/12
  3979 | D:3      | Found a glowing silver altar of Zin.
  3981 | D:3      | Found a blossoming altar of Fedhas.
  4812 | D:4      | Reached skill level 5 in Dodging
  4990 | D:4      | Reached XP level 7. HP: 31/31 MP: 10/13
  4995 | D:4      | Learned a level 4 spell: Summon Lightning Spire
  5033 | D:4      | Noticed Blork the orc
  5047 | D:4      | Killed Blork the orc
  5445 | D:4      | Reached skill level 1 in Air Magic
  5995 | D:4      | Found the +8 Wrath of Trog {antimagic, *Rage Rampage}
  6050 | D:5      | Entered Level 5 of the Dungeon
  6069 | D:5      | Reached skill level 6 in Dodging
  6069 | D:5      | Reached XP level 8. HP: 36/36 MP: 8/15
  6316 | D:5      | Identified the +0 plate armour of the Evil One {+Inv rC+
                  | Will+}
  6555 | D:5      | Reached skill level 1 in Unarmed Combat
  6837 | D:5      | Noticed Prince Ribbit
  6857 | D:5      | Killed Prince Ribbit
  6858 | D:5      | Reached skill level 5 in Hexes
  6962 | D:5      | Found a staircase to the Ecumenical Temple.
  6990 | Temple   | Entered the Ecumenical Temple
  6999 | Temple   | Became a worshipper of Gozag Ym Sagoz the Greedy
  7222 | D:5      | Noticed Sigmund
  7240 | D:5      | Killed Sigmund
  7670 | D:6      | Noticed Pikel
  7794 | D:6      | Reached skill level 5 in Fighting
  7794 | D:6      | Reached skill level 7 in Dodging
  7887 | D:6      | Killed from afar by a steam dragon
  7888 | D:6      | Reached XP level 7. HP: -8/33 MP: 2/15
  7929 | D:6      | Reached skill level 5 in Spellcasting
  7947 | D:6      | Killed Pikel
  7948 | D:6      | Reached XP level 8. HP: 37/37 MP: 4/16
  8177 | D:6      | Found a shimmering blue altar of Sif Muna.
  8177 | D:6      | Found a basalt altar of Yredelemnul.
  8647 | D:7      | Noticed a troll
  8655 | D:7      | Killed a troll
  8881 | D:7      | Noticed Maggie
  8957 | D:7      | Reached XP level 9. HP: 11/41 MP: 8/18
  9246 | D:7      | Reached skill level 8 in Dodging
  9936 | D:2      | Bought the ring "Xacia" {rElec rF+ Int+4 Stlth+} for 502
                  | gold pieces
 10044 | D:6      | Reached XP level 10. HP: 46/46 MP: 7/20
 10160 | D:6      | Identified the +4 dagger "Earthworm" {spect, MP-9 Dex+4
                  | SInv Stlth+}
 10197 | D:6      | Reached skill level 9 in Dodging
 10197 | D:6      | Reached skill level 5 in Unarmed Combat
 10448 | D:6      | Noticed Dowan
 10469 | D:6      | Noticed Duvessa
 10480 | D:6      | Killed Dowan
 10485 | D:6      | Killed Duvessa
 11000 | D:7      | Learned a level 4 spell: Summon Ice Beast
 11002 | D:7      | Learned a level 1 spell: Apportation
 11049 | D:7      | Reached skill level 5 in Air Magic
 11266 | D:7      | Killed Maggie
 11639 | D:8      | Reached skill level 1 in Ice Magic
 11801 | D:8      | Identified the +0 leather armour of the Black Skies {rN+
                  | Will- rCorr MP+9}
 12351 | D:9      | Noticed a two-headed ogre
 12356 | D:9      | Killed a two-headed ogre
 12566 | D:9      | Identified the +1 leather armour "Qaipp" {+Blink rF- Str+3}
 12796 | D:9      | Reached skill level 10 in Dodging
 13156 | D:9      | Found a staircase to the Lair.
 13188 | D:9      | Reached XP level 11. HP: 50/50 MP: 17/22
 13348 | D:9      | Identified the +1 ring mail "Voubleb" {rElec rPois Str-5
                  | Dex-3}
 13435 | D:9      | Identified the +1 leather armour "Doamink" {rC+}
 13527 | D:10     | Entered Level 10 of the Dungeon
 14576 | D:11     | Noticed a catoblepas
 14585 | D:11     | Noticed a white ugly thing
 14644 | Lair:1   | Entered Level 1 of the Lair of Beasts
 15142 | Lair:1   | Noticed Grum
 15153 | Lair:1   | Killed Grum
 15260 | Lair:1   | Noticed an oklob plant
 15260 | Lair:1   | Noticed an oklob plant
 15271 | Lair:1   | Killed an oklob plant
 15280 | Lair:1   | Killed from afar by an oklob plant
 15281 | Lair:1   | Reached XP level 10. HP: -3/48 MP: 18/22
 15583 | Lair:2   | Reached skill level 11 in Dodging
 15641 | Lair:2   | Identified the +7 plate armour of Fedhas {rN++}
 15774 | Lair:2   | Found a staircase to the Swamp.
 15817 | Lair:2   | Reached XP level 11. HP: 52/52 MP: 14/24
 17231 | Lair:3   | Found a hole to the Spider Nest.
 18004 | Lair:4   | Reached skill level 12 in Dodging
 18004 | Lair:4   | Reached skill level 10 in Summonings
 18226 | Lair:4   | Gained mutation: Your thick and shaggy fur keeps you warm.
                  | (AC +3, rC+) [Felid growth]
 18226 | Lair:4   | Reached XP level 12. HP: 57/57 MP: 19/25
 18429 | Lair:4   | Noticed Sonja
 18435 | Lair:4   | Killed Sonja
 18927 | Lair:4   | Noticed a four-headed hydra
 18939 | Lair:4   | Killed a four-headed hydra
 18991 | Lair:5   | Entered Level 5 of the Lair of Beasts
 18991 | Lair:5   | Noticed a six-headed hydra
 19002 | Lair:5   | Killed a six-headed hydra
 19393 | Lair:5   | Found a viscous altar of Jiyva.
 19393 | Lair:5   | Found a staircase to the Slime Pits.
 19708 | Lair:5   | Reached skill level 10 in Fighting
 19793 | Lair:5   | Reached skill level 13 in Dodging
 20811 | Lair:5   | Got Dopsit's Directory of Gritty Transposition
 20817 | Lair:5   | Learned a level 4 spell: Passage of Golubria
 20886 | Lair:5   | Reached skill level 1 in Translocations
 21127 | Lair:5   | Reached XP level 13. HP: 62/62 MP: 12/27
 21533 | Lair:5   | Reached skill level 5 in Ice Magic
 22549 | D:11     | Learned a level 5 spell: Summon Forest
 22655 | D:11     | Reached skill level 10 in Spellcasting
 23358 | D:11     | Reached skill level 10 in Unarmed Combat
 23977 | D:11     | Found a faded altar of an unknown god.
 23977 | D:11     | Found a hazy altar of Hepliaklqana.
 24021 | D:11     | Found a faded altar of an unknown god.
 24090 | D:11     | Found a staircase to the Orcish Mines.
 24174 | Orc:1    | Entered Level 1 of the Orcish Mines
 24193 | Orc:1    | Reached skill level 5 in Translocations
 24773 | Orc:1    | Reached skill level 14 in Dodging
 24988 | Orc:2    | Entered Level 2 of the Orcish Mines
 25126 | Orc:2    | Found a staircase to the Elven Halls.
 25309 | Orc:2    | Noticed Urug
 25334 | Orc:2    | Killed Urug
 25595 | Orc:2    | Noticed Saint Roka
 25625 | Orc:2    | Killed Saint Roka
 25870 | Orc:2    | Found Dumal's General Store.
 25909 | Orc:2    | Found Riepou Miew's Antique Weapon Shoppe.
 25916 | Orc:2    | Found Venur's Antique Armour Shoppe.
 26182 | Orc:2    | Found Dagoih's Book Shoppe.
 26188 | Orc:2    | Bought a book of Scorching for 420 gold pieces
 26256 | Orc:2    | Found Vonn's Distillery.
 26264 | Orc:2    | Bought a potion of magic for 112 gold pieces
 26264 | Orc:2    | Bought a potion of heal wounds for 70 gold pieces
 26962 | Spider:1 | Entered Level 1 of the Spider Nest
 26976 | Spider:1 | Learned a level 6 spell: Summon Cactus Giant
 26982 | Spider:1 | Noticed Louise
 26999 | Lair:3   | Gained mutation: You possess an exceptional clarity of
                  | mind. [potion of mutation]
 27041 | Swamp:1  | Entered Level 1 of the Swamp
 27220 | Swamp:1  | Noticed an eleionoma
 27232 | Swamp:1  | Killed an eleionoma
 27233 | Swamp:1  | Reached XP level 14. HP: 42/67 MP: 5/29
 27865 | Swamp:1  | Noticed a thorn hunter
 27876 | Swamp:1  | Killed a thorn hunter
 28885 | Swamp:2  | Reached skill level 15 in Dodging
 29018 | Swamp:2  | Identified the +6 hand axe of Uskayaw's Approval {freeze,
                  | Int+2}
 30233 | Swamp:3  | Killed from afar by an eleionoma
 30234 | Swamp:3  | Reached XP level 13. HP: -19/64 MP: 11/28
 30267 | Swamp:3  | Killed an eleionoma
 30371 | Swamp:3  | Identified the +6 battleaxe "Somuoly" {vamp, Fragile rC+
                  | Int+2}
 30659 | Swamp:3  | Noticed an eleionoma
 30670 | Swamp:3  | Killed an eleionoma
 30757 | Swamp:3  | Noticed a thorn hunter
 30766 | Swamp:3  | Killed a thorn hunter
 31451 | Swamp:4  | Entered Level 4 of the Swamp
 31586 | Swamp:4  | Noticed a thorn hunter
 31591 | Swamp:4  | Reached XP level 14. HP: 69/69 MP: 14/29
 31598 | Swamp:3  | Slain by a seven-headed hydra
 31599 | Swamp:3  | Reached XP level 13. HP: -1/64 MP: 9/28
 31624 | Swamp:3  | Reached skill level 10 in Translocations
 31734 | Swamp:3  | Learned a level 5 spell: Summon Mana Viper
 31909 | Swamp:4  | Killed a thorn hunter
 32032 | Swamp:4  | HP: 3/65 [tyrant leech[a spriggan druid] (15)]
 32033 | Swamp:4  | Slain by an alligator

Illustrated notes

Levels and vault maps discovered:
D:1:      evilmike_arrival_crescent, layout_loops_corners,
          chequers_ecumenical_altar_island
D:2:      layout_loops_cross, nicolae_shop_unique_rings, amethyst_killhole,
          kennysheep_generic_room_4, uniq_terence, uniq_natasha
D:3:      layout_loops_ring, chequers_temple_overflow_statue_of_worship,
          serial_bayou_lake_a
D:4:      minmay_clustersquares, layout_cave_pools, dreamdust_princess_bridge,
          minmay_manual_mess, uniq_blork_the_orc
D:5:      layout_basic, minmay_temple_entry_mist, lightli_corner_chamber,
          uniq_prince_ribbit1, uniq_sigmund
D:6:      cheibrodos_steamvent, layout_cave_pools,
          gammafunk_temple_overflow_elements, uniq_duvessa, uniq_pikel
D:7:      layout_basic, uniq_maggie
D:8:      layout_rooms, nicolae_ossuary_entry_ruins
D:9:      layout_roguey, dpeg_oklobed_lair, kennysheep_generic_room_5
D:10:     layout_roguey
D:11:     layout_small_grid, erik_orc_2, gauntlet_entry_generic,
          grunt_decor_arrowhead, nicolae_hepliaklqana_ecumenical_no_more
Temple:   nicolae_temple_two_arcs
Lair:1:   minmay_lair_oklob_tunnel, layout_regular_city, st_stairs_4,
          grunt_megastairs_2, uniq_grum
Lair:2:   layout_misc_corridors, minmay_swamp_entry_reptiles,
          beast_lair_carwin_8
Lair:3:   layout_hall_layers, nicolae_spider_entry_non_spiders,
          grunt_megastairs_1
Lair:4:   layout_misc_corridors, infiniplex_staircase_pool,
          serial_bayou_shore_a, uniq_sonja
Lair:5:   minmay_lair_end_enchanted_forest, layout_hall_layers, slime_entry_1,
          chequers_serial_rivers_large_a, infiniplex_staircase_pool_2
Swamp:1:  layout_basic_swamp, evilmike_swamp_ruin_house_3, swamp_pool2
Swamp:2:  layout_basic_swamp, serial_swamp_ruin, evilmike_swamp_ruin_wall,
          evilmike_swamp_ruin_house_1, evilmike_swamp_ruin_house_4
Swamp:3:  layout_basic_swamp, evilmike_swamp_ruin_rubble_2
Swamp:4:  swamp, layout_basic_swamp, swamp_pool1
Spider:1: layout_spider_delve, ebering_ghost_xom, drop_trap, uniq_louise,
          uniq_aizul, uniq_donald, uniq_josephine
Orc:1:    layout_caves, basic_altar, mines2_david
Orc:2:    grunt_orc_cross, layout_caves, serial_shops,
          nicolae_shop_hallway_stairs, uniq_urug

Skill      XL: |  1  2  3  4  5  6  7  8  9 10 11 12 13 14 |
---------------+-------------------------------------------+-----
Dodging        | 3 4 5 6 7 8 11 12 13 14 15 | 15.9
Fighting       | 1 2 3 5 6 7 9 10 12 | 12.4
Spellcasting   | 3 5 6 8 9 10 | 10.5
Hexes          | 1 3 4 5 |  5.0
Summonings     | 5 6 7 8 10 12 | 12.2
Air Magic      | 3 2 4 5 7 |  7.0
Unarmed Combat | 3 2 4 6 8 9 10 11 | 11.8
Ice Magic      | 1 3 4 5 |  5.0
Translocations | 2 10 9 | 10.0
Stealth        | |  2.7

Action                   |  1- 3 |  4- 6 |  7- 9 | 10-12 | 13-15 || total
-------------------------+-------+-------+-------+-------+-------++-------
Melee: Unarmed           |    29 |     7 |       |    10 |    54 ||   100
       Bite              |     5 |       |       |       |     9 ||    14
       Punch             |     1 |       |       |       |     3 ||     4
 Cast: Summon Small Mamm |    58 |    40 |    80 |    69 |    21 ||   268
       Call Imp          |    14 |    12 |    27 |    23 |    17 ||    93
       Call Canine Famil |     5 |    20 |    45 |    43 |    29 ||   142
       Summon Guardian G |       |     4 |    31 |    57 |    22 ||   114
       Summon Lightning  |       |       |     7 |    84 |    90 ||   181
       Summon Ice Beast  |       |       |       |    45 |    63 ||   108
       Summon Cactus Gia |       |       |       |       |    43 ||    43
       Summon Forest     |       |       |       |       |    24 ||    24
       Summon Mana Viper |       |       |       |       |     5 ||     5
       Apportation       |       |       |       |       |     3 ||     3
       Passage of Golubr |       |       |       |       |     1 ||     1
Invok: Potion Petition   |       |       |       |       |     2 ||     2
       Call Merchant     |       |       |       |       |     1 ||     1
Evoke: Wand              |       |       |       |    12 |     8 ||    20
       Lightning rod     |       |       |       |       |     3 ||     3
       Phantom mirror    |       |       |       |       |     2 ||     2
  Use: Scroll            |       |    10 |     8 |     6 |    11 ||    35
       Potion            |       |       |     1 |       |     8 ||     9
 Stab: Sleeping          |     1 |     1 |       |     2 |       ||     4
       Distracted        |       |       |       |       |     3 ||     3
       Betrayed ally     |       |       |       |       |     1 ||     1
Armor: Skin              |     4 |     3 |     3 |       |     3 ||    13
Dodge: Dodged            |    32 |    63 |    69 |   139 |   141 ||   444
